AoeStats
← siemen2311

Arabia

508966893Analyzed
1v1 RM · 7d ago on Sep 24, 2026· 30m 54s· 2 players
Game mode
Random Map
Map size
Tiny (2 player)
Population
200
Speed
Normal
Resources
Standard
Victory
Conquest
Starting age
Dark Age
Ending age
Imperial Age
RankedLock teamsTeams togetherTeam positionsShared explorationLock speedFull tech treeHidden civsTurbo modeCheats
Victory
Defeat
🇧🇷 Franks · Brazil
919
+14
🇳🇱 Burgundians · Netherlands
878
-35
ComanddBR2
4:57 Loom
11:13 Feudal Age
17:25 Forging
22:52 Castle Age
20:57 Double-Bit Axe
26:32 Wheelbarrow
26:28 Town Watch
27:09 Scale Barding Armor
27:57 Pikeman
29:37 Husbandry
siemen2311
8:19 Double-Bit Axe
13:05 Feudal Age
13:34 Loom
15:46 Bow Saw
15:18 Horse Collar
15:31 Gold Mining
20:05 Castle Age
20:19 Cavalier
24:29 Gold Shaft Mining
25:41 Pikeman
28:59 Forging
28:54 Scale Barding Armor
Connection lost

Rejoining the realm…

Still unreachable

The connection could not be restored.

Session expired

The server has moved on; the page needs a fresh start.